 Dungeon Crawl Stone Soup version 0.17-a0-2127-g1cb09f6 (webtiles) character file.

3037 Ijustatesigmund the Covert (level 9, -20/61 HPs)
             Began as an Octopode Assassin on Oct 23, 2015.
             Demolished by an orc warrior
             ... wielding a +0 broad axe
              (23 damage)
             ... on level 7 of the Dungeon.
             The game lasted 00:43:23 (8464 turns).

Ijustatesigmund the Covert (Octopode Assassin)      Turns: 8464, Time: 00:43:23

Health: -20/61     AC:  6    Str: 10    XL:     9   Next: 86%
Magic:  6/9        EV: 13    Int: 17    God:
Gold:   235        SH:  0    Dex: 15    Spells: 1 memorised, 5 levels left

rFire  . . .     SeeInvis .     q - +2 short sword (venom)
rCold  . . .     Clarity  .     (no shield)
rNeg   + . .     SustAt   .     (helmet restricted)
rPois  .         Gourm    .     (no amulet)
rElec  .         Spirit   .     r - ring of stealth
rCorr  .         Warding  .     (no ring)
rMut   .         Stasis   .     s - +2 ring of intelligence
MR     .....                    x - ring of positive energy
Stlth  ++++++++..               (no ring)
                                (no ring)
                                (no ring)
                                (no ring)

@: icy armour, hasted, very quick, not resistant to hostile enchantments,
extraordinarily stealthy
A: almost no armour, amphibious, 8 rings, constrict 8, camouflage 1, gelatinous
body 1
a: no special abilities


You were on level 7 of the Dungeon.
You were not hungry.

You visited 2 branches of the dungeon, and saw 9 of its levels.
You also visited: Ossuary and Bailey.

You collected 391 gold pieces.
You spent 156 gold pieces at shops.

Inventory:

Hand Weapons
 a - a +3 dagger
 b - a +1 blowgun
 q - a +2 short sword of venom (weapon)
 E - a +2 long sword of freezing
Missiles
 c - 18 poisoned needles
 d - 3 tomahawks (quivered)
Jewellery
 n - an uncursed ring of ice
 r - a ring of stealth (left tentacle)
 s - a +2 ring of intelligence (on tentacle)
 x - a ring of positive energy (on tentacle)
 y - an uncursed ring of teleportation
Wands
 w - a wand of lightning (10)
 z - a wand of slowing (19)
Scrolls
 p - 2 scrolls of remove curse
 v - a scroll of fog
Potions
 h - 3 potions of lignification
 i - 9 potions of curing
 j - 2 potions of haste
 l - 2 potions of magic
 u - a potion of mutation
 A - a potion of ambrosia {unknown}
 B - a potion of resistance
 C - a potion of flight {unknown}
 D - a potion of cancellation {unknown}
 F - a potion of beneficial mutation {unknown}
 G - a potion of degeneration {unknown}
Books
 t - a book of Frost

   Spells                             Type                      Level
   a - Freeze                         Ice                          1
   b - Throw Frost                    Conjuration/Ice              2
   c - Ozocubu's Armour               Charms/Ice                   3
   d - Throw Icicle                   Conjuration/Ice              4
   e - Summon Ice Beast               Ice/Summoning                4
   f - Condensation Shield            Ice                          4
Comestibles
 e - 7 bread rations
 f - 5 meat rations


   Skills:
 - Level 5.1 Fighting
 - Level 5.6 Short Blades
 + Level 6.3 Throwing
 - Level 3.0 Dodging
 - Level 11.5 Stealth
 - Level 3.4 Charms
 - Level 3.5 Ice Magic


You had 5 spell levels left.
You knew the following spells:

 Your Spells              Type           Power        Failure   Level  Hunger
a - Ozocubu's Armour      Chrm/Ice       ##......     21%         3    ####...


Dungeon Overview and Level Annotations

Branches:
Dungeon (8/15)             Temple (1/1) D:4
   Lair: D:8-11

Altars:
Ashenzari
Cheibriados
Elyvilon
Fedhas
Gozag
Kikubaaqudgha
Makhleb
Okawaru
Ru
Sif Muna
Vehumet
Xom
Yredelemnul
Zin
The Shining One

Shops:
D:4 [   D:5 !   D:7 *

Annotations:
D:7 exclusion: ice statue


Innate Abilities, Weirdness & Mutations

You cannot wear most types of armour.
You are amphibious.
You can wear up to eight rings at the same time.
You can use your tentacles to constrict eight enemies at once.
Your skin changes colour to match your surroundings (Stealth).
Your rubbery body absorbs attacks (AC +1).


Message History

The orc warrior is severely wounded.
You constrict the orc warrior, but do no damage.
The orc warrior hits you with a broad axe!!
You hit the orc warrior but do no damage.
The orc warrior looks even sicker.
The orc warrior is severely wounded.
You constrict the orc warrior, but do no damage.
You hit the orc warrior but do no damage.
The orc warrior is severely wounded.
You constrict the orc warrior.
The orc warrior hits you with a broad axe!!
* * * LOW HITPOINT WARNING * * *
Drink which item? (? for menu, Esc to quit)
Okay, then.
Read which item? (? for menu, Esc to quit)
Okay, then.
Drink which item? (? for menu, Esc to quit)
You feel yourself speed up.
You constrict the orc warrior.
The orc warrior hits you with a broad axe!!
You die...

......§≈#'#≈..#
..(...§§§.≈≈.##
............#####
..#.###.#.......#
#.#.###.#######.###
#.#...#.#### #...###
..#<.......## ###...#
............# #o.###
............# #@########
............# #.##.....#
.##........## ##.##.....#
...####[#######..##.....#
.....##.................#
......#...........#.....#
.......).....)...#..#####
........####.###.......###
.##.##..####.............#


You could see an orc warrior.

Vanquished Creatures
  Pikel (D:5)
  Grinder (D:4)
  A hungry ghost (D:6)
  A sky beast (D:5)
  2 slaves (D:5)
  A black bear (D:6)
  3 orc warriors
  3 centaurs
  2 ogres (D:7)
  A big kobold (D:7)
  3 giant frogs
  A scorpion (D:4)
  A giant frog zombie (D:5)
  A crimson imp (D:6)
  A quasit (D:6)
  A centaur zombie (Ossuary)
  Crazy Yiuf (D:3)
  2 iguanas
  4 orc wizards
  5 orc priests
  4 worker ants
  2 big kobold zombies (Ossuary)
  4 mummies (Ossuary)
  A worker ant zombie (D:6)
  Robin (D:4)
  12 adders
  15 gnolls
  A shadow imp (D:7)
  An adder skeleton (D:7)
  4 worms
  6 giant geckos
  13 orcs
  9 hobgoblins
  10 kobolds
  7 quokkas
  8 bats
  5 giant cockroaches
  8 giant newts
  18 goblins
  A goblin zombie (Ossuary)
  2 hobgoblin zombies (Ossuary)
  A jackal skeleton (D:6)
  A kobold zombie (Ossuary)
  An orc zombie (Ossuary)
  A quokka skeleton (D:7)
  5 rats
  A fungus (D:3)
178 creatures vanquished.

Vanquished Creatures (others)
  The ghost of znidz the Covert, a novice SpAs of Yredelemnul (D:5)
  An orc priest (D:5)
  An adder (D:5)
  4 orcs (D:5)
  2 jackals (D:5)
9 creatures vanquished.

Grand Total: 187 creatures vanquished

Notes
Turn   | Place    | Note
--------------------------------------------------------------
     0 | D:1      | Ijustatesigmund the Octopode Assassin began the quest for the Orb.
     0 | D:1      | Reached XP level 1. HP: 14/14 MP: 1/1
   267 | D:1      | Reached XP level 2. HP: 19/19 MP: 2/2
   683 | D:1      | Reached XP level 3. HP: 24/24 MP: 3/3
   967 | D:2      | Reached skill level 6 in Stealth
  1256 | D:2      | Reached XP level 4. HP: 29/29 MP: 4/4
  2001 | D:3      | Reached skill level 7 in Stealth
  2001 | D:3      | Reached XP level 5. HP: 25/34 MP: 5/5
  2253 | D:3      | Found a white marble altar of Elyvilon.
  2395 | D:3      | Noticed Crazy Yiuf
  2401 | D:3      | Killed Crazy Yiuf
  2401 | D:3      | Reached skill level 8 in Stealth
  2459 | D:4      | Reached XP level 6. HP: 39/39 MP: 6/6
  2581 | D:4      | Learned a level 3 spell: Ozocubu's Armour
  2591 | D:4      | Noticed Grinder
  2595 | D:4      | Killed Grinder
  2595 | D:4      | Reached skill level 9 in Stealth
  2595 | D:4      | Reached XP level 7. HP: 44/46 MP: 7/7
  2667 | D:4      | Found Daelas's Antique Armour Boutique.
  2828 | D:4      | Noticed Robin
  3161 | D:4      | Killed Robin
  3639 | D:4      | Found a staircase to the Ecumenical Temple.
  3647 | Temple   | Entered the Ecumenical Temple
  4105 | D:5      | Entered Level 5 of the Dungeon
  4128 | D:5      | Found Taocegue's Distillery.
  4142 | D:5      | Bought a potion of berserk rage for 50 gold pieces
  4142 | D:5      | Bought a potion of curing for 30 gold pieces
  4142 | D:5      | Bought a potion of heal wounds for 50 gold pieces
  4235 | D:5      | Noticed Pikel
  4239 | D:5      | Killed Pikel
  4239 | D:5      | Reached skill level 5 in Short Blades
  4239 | D:5      | Reached skill level 10 in Stealth
  4239 | D:5      | Reached XP level 8. HP: 50/54 MP: 8/8
  4362 | D:5      | Killed znidz's ghost
  4432 | D:5      | Reached skill level 5 in Fighting
  4794 | D:6      | Reached skill level 11 in Stealth
  4960 | D:6      | Found a shattered altar of Ashenzari.
  4960 | D:6      | Found a glowing silver altar of Zin.
  4994 | D:6      | Reached skill level 1 in Charms
  4994 | D:6      | Reached skill level 1 in Ice Magic
  4994 | D:6      | Reached XP level 9. HP: 53/61 MP: 9/9
  5772 | D:7      | Found a flagged portal.
  5984 | Bailey   | Entered a bailey
  5984 | Bailey   | Noticed an orc knight
  5984 | Bailey   | Noticed an orc knight
  6273 | Bailey   | Noticed an orc knight
  6899 | D:7      | Noticed an ice statue
  6965 | D:7      | Found Fagy's General Store.
  6971 | D:7      | Bought a scroll of identify for 26 gold pieces
  7113 | D:8      | Found a sand-covered staircase.
  7123 | Ossuary  | Entered an ossuary
  7536 | D:7      | Reached skill level 5 in Throwing
  8463 | D:7      | HP: 3/61 [orc warrior/broad axe (18)]
  8464 | D:7      | Demolished by an orc warrior

Vault maps used:
D:1:      evilmike_arrival_rings
D:3:      lemuel_coloured_pillars_altar, uniq_crazy_yiuf_cottage
D:4:      minmay_temple_entry_nine_rooms, serial_shops, shop, uniq_robin,
          uniq_grinder
D:5:      first_bread, serial_shops, shop, uniq_pikel
D:6:      gammafunk_temple_overflow_wave
D:7:      lemuel_ice_statue, enter_bailey_7, serial_shops, kennysheep_mini_moat,
          kennysheep_cross_bottleneck
D:8:      nemelex_xobeh_ov_fountains_minmay, nicolae_ossuary_entry_monument,
          grunt_pizzeria
Temple:   oiseaux_autumnal_temple_12
Ossuary:  ossuary_crypta
Bailey:   bailey_polearm_4, bailey

Action                   |  1- 3 |  4- 6 |  7- 9 || total
-------------------------+-------+-------+-------++-------
Melee: Dagger            |    59 |    40 |       ||    99
       Short sword       |       |    29 |   242 ||   271
 Fire: Blowgun           |       |    10 |    15 ||    25
Throw: Tomahawk          |       |       |     4 ||     4
 Cast: Ozocubu's Armour  |       |       |    11 ||    11
Evoke: Wand              |       |       |     6 ||     6
  Use: Scroll            |     6 |     4 |    18 ||    28
       Potion            |       |       |     9 ||     9
 Stab: Sleeping          |    12 |    18 |    37 ||    67
       Distracted        |       |     2 |     1 ||     3
  Eat: Chunk             |     1 |     3 |    11 ||    15
       Beef jerky        |       |     1 |     1 ||     2
       Pizza             |       |       |     2 ||     2
       Royal jelly       |       |       |     1 ||     1
       Fruit             |       |       |     1 ||     1
       Bread ration      |       |       |     2 ||     2
       Meat ration       |       |       |     1 ||     1
